 Dungeon Crawl Stone Soup version 0.30.1-11-g7821555f0a (webtiles) character file.

Game seed: 7706694428207699061

2951 KyoPewz the Gouger (level 9, 0/47 HPs)
             Began as a Felid Berserker on Oct 31, 2023.
             Was a Priest of Trog.
             Slain by a hornet (16 damage)
             ... while paralysed by a hornet
             ... on level 7 of the Dungeon.
             The game lasted 00:25:53 (9323 turns).

KyoPewz the Gouger (Felid Berserker)                Turns: 9323, Time: 00:25:54

Health: 0/47       AC:  2    Str: 18    XL:     9   Next: 51%
Magic:  19/19      EV:  4    Int: 10    God:    Trog [***...]
Gold:   416        SH:  0    Dex: 23    Spells: 8/8 levels left
                                        Lives:  0   Deaths: 3

rFire   + .          .
                       - Unarmed
rCold   + . .        (shield unavailable)
rNeg    + . .        (body armour unavailable)
rPois   .            (helmet unavailable)
rElec   .            (cloak unavailable)
rCorr   .            (gloves unavailable)
SInv    +            (boots unavailable)
Will    ++...        (no amulet)
Stlth   +            z - ring of Yendor {rN+ Will+ MP+9 Str+3}
HPRegen 0.27/turn    r - ring "Toijec" {rF+ rC+ Dex+6 Stlth-}
MPRegen 0.16/turn

%: no passive effects
@: paralysed, lethally poisoned (0 -> -6), slowed, studying Unarmed Combat,
quick
A: very small, claws 1, fangs 3, see invisible, speed 1, shaggy fur 2, stealthy
paws, no weapons or thrown items, no armour, multi-lived
a: Renounce Religion, Berserk, Trog's Hand


You were on level 7 of the Dungeon.
You worshipped Trog.
Trog was most pleased with you.
You visited 2 branches of the dungeon, and saw 9 of its levels.
You also visited: Bailey.

You collected 416 gold pieces.

Inventory:

Jewellery
 m - a ring of ice
 n - a ring of willpower
 r - the ring "Toijec" (right paw) {rF+ rC+ Dex+6 Stlth-}
   (You acquired it on level 7 of the Dungeon)

   [ring of dexterity]

   Dex:       It affects your dexterity (+6).
   rF:        It protects you from fire.
   rC:        It protects you from cold.
   Stlth:     It makes you less stealthy.
 z - the ring of Yendor (left paw) {rN+ Will+ MP+9 Str+3}
   (You found it on level 7 of the Dungeon)

   [ring of magical power]

   Str:       It affects your strength (+3).
   rN:        It protects you from negative energy.
   MP:        It affects your magic capacity (+9).
   Will:      It increases your willpower.
Wands
 o - a wand of roots (25)
 y - a wand of mindburst (7)
Scrolls
 b - a scroll of enchant weapon {unknown}
 c - a scroll of fog {unknown}
 e - 2 scrolls of torment {unknown}
 i - 2 scrolls of fear {unknown}
 k - 2 scrolls of amnesia
 p - a scroll of silence {unknown}
 t - 2 scrolls of teleportation
 w - a scroll of brand weapon {unknown}
 x - a scroll of enchant armour {unknown}
 A - a scroll of blinking {unknown}
Potions
 a - a potion of ambrosia
 d - 3 potions of might
 g - 2 potions of magic {unknown}
 h - 2 potions of haste
 j - 2 potions of lignification
 l - 2 potions of heal wounds
 q - 6 potions of curing
 s - a potion of mutation {unknown}
 u - 2 potions of attraction
 v - a potion of berserk rage


   Skills:
 + Level 10.7 Fighting
 - Level 10.0 Dodging
 + Level 11.2 Unarmed Combat
 * Level 5.9 Evocations


You had 8 spell levels left.
You didn't know any spells.
Your spell library was empty.

Dungeon Overview and Level Annotations

Branches:
Dungeon (8/15)             Temple (1/1) D:4          Bailey (visited)
   Lair: D:8-11

Altars:
Ashenzari
Cheibriados
Dithmenos
Elyvilon
Fedhas
Gozag
Hepliaklqana
Kikubaaqudgha
Makhleb
Nemelex Xobeh
Okawaru
Qazlal
Ru
Sif Muna
Trog
Uskayaw
Vehumet
Wu Jian
Xom
Yredelemnul
Zin
The Shining One

Portals:
Abyss: D:7

Annotations:
D:7 1 transporter, Edgeworth's ghost, novice GrFi


Innate Abilities, Weirdness & Mutations

You have sharp claws.
You have razor-sharp teeth.
You have supernaturally acute eyesight. (SInv)
You cover ground quickly. (Speed+)
You are covered in thick fur. (AC +2)
Your paws help you pounce on unaware monsters.
You are incapable of wielding weapons or throwing items.
You cannot wear armour.
You gain extra lives every three experience levels.


Message History

You scratch the water moccasin.
The water moccasin is moderately wounded.
The water moccasin misses you.
You barely miss the water moccasin. You claw the water moccasin!
The water moccasin is severely wounded.
The water moccasin barely misses you.
You completely miss the water moccasin.
The water moccasin is severely wounded.
The water moccasin completely misses you.
You scratch the water moccasin. Your bite misses the water moccasin.
The water moccasin is almost dead.
The water moccasin closely misses you.
You mangle the water moccasin!!
You kill the water moccasin!
Trog accepts your kill.
You see here a water moccasin corpse.
You start resting.
HP restored.
Health restored: 47 The green ugly thing gurgles horribly!
There is a stone staircase leading down here.
You climb downwards.
The orc wizard shouts!
The orc shouts!
You hear a shout!
There is a stone staircase leading up here.
The hornet closely misses you.
The orc wizard casts a spell.
The orc wizard flickers and vanishes for a moment.
You climb upwards.
Level annotation: 1 transporter, Edgeworth's ghost, novice GrFi
There is a stone staircase leading down here.
You barely miss the hornet. Your bite misses the hornet.
The hornet closely misses you.
You claw the hornet!
The hornet is heavily wounded.
The hornet stings you!
You suddenly lose the ability to move!
The hornet stings you!
You are poisoned.
You feel yourself slow down.
You feel sick. The hornet stings you!
You die...

##..............
######...#.##...####.
#...............#./##
###.##..†..<.#....##...
##...##<#####.##....#..#
#.###.#.# ##.##...##.#^
#.# #...# #......##..^#
#.###.#.# ##.##..#..###
##...##@#####.##..##..#
##..##y...........# #.#
#..#####.###.#...# .#
#........# #.#..## #.#
#...###### #....#:##..
#...# ###..##...#
###...# #...####.
#.....##########......##
#.##...................#


You could see a hornet.

Vanquished Creatures
  2 orc knights (Bailey)
  A manticore (D:7)
  A deep elf pyromancer (D:6)
  An orc sorcerer (Bailey)
  A gargoyle (D:7)
  A kobold demonologist (Bailey)
  Prince Ribbit (D:7)
  Sigmund (D:4)
  2 small abominations (D:7)
  A slime creature (D:7)
  Eustachio (D:4)
  Menkaure (D:7)
  An acid dragon (D:7)
  Duvessa (D:5)
  2 water moccasins (D:7)
  A black bear (D:7)
  8 orc warriors (Bailey)
  3 ogres
  3 sky beasts
  An ice beast (D:7)
  Blork the orc (D:6)
  5 bullfrogs (D:7)
  A gnoll sergeant (D:7)
  5 scorpions
  4 wights (D:6)
  Dowan (D:5)
  9 electric eels (Bailey)
  A howler monkey (D:5)
  2 hounds
  A jelly (D:4)
  An orc priest (D:6)
  A sleepcap (D:7)
  Jessica (D:3)
  5 iguanas
  Terence (D:3)
  5 orc wizards
  Robin (D:3)
  7 gnolls
  3 adders
  A shadow imp (D:7)
  3 white imps
  3 ufetubi
  A worm (D:2)
  A dart slug (D:2)
  35 orcs
  11 endoplasms
  4 giant cockroaches
  25 goblins
  11 hobgoblins
  4 jackals (D:4)
  9 kobolds
  5 quokkas
  5 ball pythons
  5 bats
  4 frilled lizards
  6 rats
222 creatures vanquished.

Notes
Turn   | Place    | Note
-------+----------+-------------------------------------------
     0 | D:1      | KyoPewz the Felid Berserker began the quest for the Orb.
     0 | D:1      | Reached XP level 1. HP: 10/10 MP: 2/2
   197 | D:1      | Reached XP level 2. HP: 14/14 MP: 3/3
   889 | D:1      | Reached ** piety under Trog
   923 | D:1      | Reached XP level 3. HP: 17/17 MP: 4/4
  1799 | D:3      | Reached skill level 4 in Unarmed Combat
  1840 | D:3      | Noticed Robin
  1864 | D:3      | Reached XP level 4. HP: 19/22 MP: 5/5
  1877 | D:3      | Killed Robin
  2146 | D:3      | Noticed Terence
  2156 | D:3      | Killed Terence
  2173 | D:3      | Noticed Jessica
  2230 | D:3      | Killed Jessica
  2231 | D:3      | Reached XP level 5. HP: 24/25 MP: 6/6
  2509 | D:3      | Found a faded altar of an unknown god.
  2534 | D:3      | Found an opulent altar of Gozag.
  2535 | D:3      | Found a sparkling altar of Nemelex Xobeh.
  2650 | D:4      | Noticed Sigmund
  2671 | D:4      | Killed Sigmund
  2672 | D:4      | Reached skill level 5 in Fighting
  2672 | D:4      | Reached skill level 5 in Unarmed Combat
  2672 | D:4      | Gained mutation: You are covered in thick fur. (AC +2)
                  | [Felid growth]
  2672 | D:4      | Reached XP level 6. HP: 21/30 MP: 7/7
  2759 | D:4      | Found a staircase to the Ecumenical Temple.
  2837 | Temple   | Entered the Ecumenical Temple
  3077 | D:4      | Reached skill level 6 in Unarmed Combat
  3077 | D:4      | Reached XP level 7. HP: 34/34 MP: 8/8
  3247 | D:4      | Reached *** piety under Trog
  3501 | D:4      | Noticed Eustachio
  3512 | D:4      | Killed Eustachio
  3822 | D:4      | Found a hazy altar of Hepliaklqana.
  3869 | D:5      | Entered Level 5 of the Dungeon
  3921 | D:5      | Reached skill level 7 in Unarmed Combat
  4212 | D:5      | Reached XP level 8. HP: 32/40 MP: 9/9
  4271 | D:5      | Noticed Duvessa
  4273 | D:5      | Noticed Dowan
  4283 | D:5      | Killed Duvessa
  4294 | D:5      | Killed Dowan
  4456 | D:5      | Found a broken altar of Ashenzari.
  4497 | D:5      | Reached skill level 8 in Unarmed Combat
  5060 | D:6      | Found a burning altar of Makhleb.
  5121 | D:6      | Noticed Blork the orc
  5138 | D:6      | Killed Blork the orc
  5723 | D:6      | Noticed a deep elf pyromancer
  5728 | D:6      | HP: 2/63 [deep elf pyromancer/bolt of fire (42)]
  5729 | D:6      | Killed a deep elf pyromancer
  5729 | D:6      | Incinerated by a deep elf pyromancer
  5730 | D:6      | Reached XP level 7. HP: 0/55 MP: 8/8
  5730 | D:6      | Reached skill level 9 in Unarmed Combat
  5730 | D:6      | Reached XP level 8. HP: 42/42 MP: 9/9
  5882 | D:7      | Found a radiant altar of Vehumet.
  5925 | D:7      | Found a transporter.
  5927 | D:7      | Found a one-way gate to the infinite horrors of the Abyss.
  5927 | D:7      | Noticed Edgeworth's ghost (novice GrFi)
  5942 | D:7      | Found a large runed translucent door.
  5942 | D:7      | Found a large runed translucent door.
  5986 | D:7      | Found a large runed translucent door.
  5986 | D:7      | Found a large runed translucent door.
  6115 | D:7      | Found a flagged portal.
  6118 | D:7      | Reached **** piety under Trog
  6135 | Bailey   | Entered a bailey
  6663 | Bailey   | Reached XP level 9. HP: 45/46 MP: 10/10
  6668 | Bailey   | Reached skill level 10 in Fighting
  6668 | Bailey   | Reached skill level 10 in Unarmed Combat
  6801 | Bailey   | Noticed an orc knight
  6821 | Bailey   | Killed an orc knight
  6927 | Bailey   | Slain by an orc warrior
  6928 | Bailey   | Reached XP level 8. HP: 1/43 MP: 9/9
  6928 | Bailey   | Noticed a kobold demonologist
  6931 | Bailey   | Found an iron altar of Okawaru.
  6931 | Bailey   | Noticed an orc sorcerer
  6946 | Bailey   | Killed a kobold demonologist
  6949 | Bailey   | Killed an orc sorcerer
  6950 | Bailey   | Reached XP level 9. HP: 46/46 MP: 10/10
  7058 | Bailey   | Identified the +0 buckler of the Turtle {rC+ Str+5 Dex+3
                  | Slay-4}
  7520 | Bailey   | Noticed an orc knight
  7528 | Bailey   | Killed an orc knight
  7529 | Bailey   | Reached skill level 10 in Dodging
  7529 | Bailey   | Reached skill level 1 in Evocations
  8110 | D:7      | Acquired a manual of Unarmed Combat
  8112 | D:7      | Acquired the ring "Toijec" {rF+ rC+ Dex+6 Stlth-}
  8176 | D:7      | Noticed Menkaure
  8178 | D:7      | Noticed Prince Ribbit
  8183 | D:7      | Noticed a toenail golem
  8184 | D:7      | Killed Menkaure
  8247 | D:7      | Killed Prince Ribbit
  8357 | D:7      | Found a transporter.
  8394 | D:7      | Noticed a gargoyle
  8678 | D:7      | Reached XP level 10. HP: 51/51 MP: 11/11
  8678 | D:7      | Noticed a manticore
  8687 | D:7      | Killed a manticore
  8688 | D:7      | Reached skill level 5 in Evocations
  8873 | D:7      | Noticed a green ugly thing
  8958 | D:7      | Killed a gargoyle
  8959 | D:7      | Reached skill level 11 in Unarmed Combat
  8966 | D:7      | Identified the ring of Yendor {rN+ Will+ MP+9 Str+3}
  9065 | D:7      | HP: 2/76 [gnoll sergeant/+1 trident of distortion (4)]
  9068 | D:7      | Mangled by a small abomination
  9069 | D:7      | Reached XP level 9. HP: -8/70 MP: 19/19
  9317 | D:8      | Noticed a two-headed ogre
  9322 | D:7      | Paralysed by a hornet for 2 turns
  9323 | D:7      | Slain by a hornet

Illustrated notes

Levels and vault maps discovered:
D:1:      lightli_arrival_flooded_house, layout_basic, serial_park_tiny_1,
          nicolae_eternal_life
D:2:      layout_basic
D:3:      layout_loops_cross, grunt_temple_overflow_opulence,
          ebering_ecumenical_altar_hall, uniq_terence, uniq_jessica, uniq_robin
D:4:      layout_basic, nicolae_hepliaklqana_hippocampus,
          minmay_temple_entry_mini_moons, kennysheep_generic_room_7,
          uniq_sigmund, uniq_eustachio
D:5:      layout_loops_ring, ashenzari_altar_1, uniq_duvessa
D:6:      layout_loops_ring, mainiacjoe_overflow_alcove_4,
          guppyfry_early_elven_hall, uniq_blork_the_orc
D:7:      layout_loops_ring, mainiacjoe_overflow_chevrons,
          gammafunk_ghost_abyssal_escape, enter_bailey_7, minmay_holes,
          minmay_hollow_rounded_squares, uniq_prince_ribbit1, uniq_menkaure
D:8:      layout_rooms, hangedman_decor_push, uniq_grum, uniq_maggie,
          uniq_maurice, uniq_erica
Temple:   eino_temple_scatter_basement

Skill      XL: |  1  2  3  4  5  6  7  8  9 10 |
---------------+-------------------------------+-----
Fighting       | 4 5 6 9 8 10 | 10.7
Unarmed Combat | 4 5 6 9 8 10 11 | 11.2
Dodging        | 9 10 | 10.0
Evocations     | 4 5 |  5.9

Action                     |  1- 3 |  4- 6 |  7- 9 | 10-12 || total
---------------------------+-------+-------+-------+-------++-------
  Melee: Unarmed           |   105 |    93 |   435 |    30 ||   663
         Bite              |     8 |    13 |    42 |     2 ||    65
         Punch             |       |       |    25 |     3 ||    28
 Invoke: Berserk           |     1 |     4 |    27 |     3 ||    35
    Use: Scroll            |       |       |    15 |       ||    15
   Stab: Distracted        |     1 |     3 |       |       ||     4
         Sleeping          |     1 |     3 |     2 |       ||     6
 Armour: Skin              |     6 |     3 |    15 |       ||    24
  Dodge: Dodged            |    82 |    56 |   323 |    18 ||   479
